 Dungeon Crawl Stone Soup version 0.16-a0-3940-gf8a207b (webtiles) character file.

64 timbw the Slasher (level 4, -5/33 HPs)
             Began as a Human Gladiator on Feb 7, 2015.
             Killed by divine providence
             ... invoked by an orc priest
              (12 damage)
             ... on level 3 of the Dungeon.
             The game lasted 00:03:43 (1207 turns).

timbw the Slasher (Human Gladiator)                 Turns: 1207, Time: 00:03:43

Health: -5/33      AC:  5    Str: 16    XL:     4   Next: 32%
Magic:  4/4        EV: 13    Int:  8    God:
Gold:   76         SH:  0    Dex: 14    Spells: 0 memorised, 3 levels left

rFire  . . .     SeeInvis .     a - +0 long sword
rCold  . . .     Clarity  .     b - +0 leather armour
rNeg   . . .     SustAb   .     (no shield)
rPois  .         Gourm    +     c - +0 helmet
rElec  .         Spirit   .     r - +0 cloak
rCorr  .         Warding  .     (no gloves)
rMut   .         Stasis   .     (no boots)
MR     .....                    s - amulet of the gourmand
Stlth  +.........               (no ring)
                                (no ring)

@: slowed, very slow, not resistant to hostile enchantments, very unstealthy
A: no striking features
a: no special abilities


You were on level 3 of the Dungeon.
You were not hungry.

You visited 1 branch of the dungeon, and saw 4 of its levels.

You collected 76 gold pieces.

Inventory:

Hand weapons
 a - a +0 long sword (weapon)
Missiles
 d - 3 throwing nets (quivered)
Armour
 b - a +0 leather armour (worn)
 c - a +0 helmet (worn)
 q - a cursed +0 ring mail
 r - a +0 cloak (worn)
Jewellery
 s - an amulet of the gourmand (around neck)
Scrolls
 e - a scroll of magic mapping {unknown}
 g - 2 scrolls of identify {unknown}
 h - a scroll of teleportation {unknown}
 k - 2 scrolls of enchant armour {unknown}
 l - a scroll of recharging {unknown}
 o - a scroll of blinking {unknown}
Potions
 n - a potion of poison {unknown}
 t - a potion of heal wounds {unknown}
Comestibles
 f - 2 bread rations
 i - a slice of pizza
 j - 2 meat rations
 m - a beef jerky
 p - 3 chunks of flesh


   Skills:
 - Level 2.0 Fighting
 + Level 4.8 Long Blades
 - Level 2.0 Throwing
 - Level 3.0 Dodging


You had 3 spell levels left.
You didn't know any spells.

Dungeon Overview and Level Annotations

Branches:
Dungeon (4/15)
 Temple: D:4-7

Altars:


Message History

The orc wizard hits you but does no damage.
The orc wizard misses you. The orc wizard closely misses you.
The orc wizard barely misses you. The orc hits you but does no damage.
The orc wizard closely misses you. The orc hits you but does no damage.
The orc wizard barely misses you.
The orc wizard mumbles some strange words.
The orc wizard blinks!
The orc closely misses you. The orc misses you.
The orc wizard hits you with an enchanted dagger.
* * * LOW HITPOINT WARNING * * *
The orc priest closely misses you.
The orc wizard hits you but does no damage.
The orc closely misses you.
Unknown command.
The orc wizard closely misses you.
The orc priest mumbles some strange prayers to Beogh against you.
Something smites you!
You die...

.. ###... ....####.. #.
##..#....... .. #.
#...#######. #.
####.##.#.# #.
..#####.......#.# #.
#......##......#######.
#...>..####...##>......
#.....@o.##............
#.......o...#.##.......
#......#o#.###.#######.
#####..o..## #.# #[
#.####.###.## #.
#.#####.#.# #.
#..oo.....# #.
###.####### #. #.#


You could see 2 orc priests, an orc wizard and an orc.

Vanquished Creatures
  An adder (D:2)
  A giant mite (D:1)
  2 giant geckos
  2 oozes (D:2)
  4 orcs (D:3)
  2 goblins
  6 hobgoblins
  5 jackals
  2 kobolds (D:2)
  2 quokkas (D:2)
  2 ball pythons
  2 bats (D:2)
  A giant cockroach (D:1)
  2 giant newts (D:1)
  7 rats
41 creatures vanquished.

Notes
Turn   | Place    | Note
--------------------------------------------------------------
     0 | D:1      | timbw, the Human Gladiator, began the quest for the Orb.
     0 | D:1      | Reached XP level 1. HP: 16/16 MP: 1/1
   105 | D:1      | Reached XP level 2. HP: 15/22 MP: 2/2
   362 | D:1      | Reached skill level 4 in Long Blades
   362 | D:1      | Reached XP level 3. HP: 6/27 MP: 3/3
  1002 | D:2      | Reached XP level 4. HP: 22/33 MP: 4/4
  1167 | D:4      | Noticed a phantom
  1207 | D:3      | Killed from afar by an orc priest

Action                   |  1- 3 |  4- 6 || total
-------------------------+-------+-------++-------
Melee: Long sword        |   107 |    33 ||   140
Throw: Throwing net      |     1 |       ||     1
 Stab: Held in net/web   |     1 |       ||     1
  Eat: Chunk             |       |     2 ||     2
